 Dungeon Crawl Stone Soup version 0.25-a0-614-g73ad250637 (webtiles) character file.

Game seed: 3410628742777330786, levelgen mode: deterministic

15 Amnesiac the Bolt Thrower (level 2, 0/14 HPs)
             Began as a Spriggan Hunter on Mar 17, 2020.
             Slain by a slave (10 damage)
             ... led by Pikel
             ... on level 4 of the Dungeon.
             The game lasted 00:02:15 (793 turns).

Amnesiac the Bolt Thrower (Spriggan Hunter)          Turns: 793, Time: 00:02:15

Health: 0/14       AC:  5    Str:  8    XL:     2   Next: 34%
Magic:  3/3        EV: 17    Int: 12    God:
Gold:   27         SH:  5    Dex: 16    Spells: 1/1 levels left

rFire    . . .     SeeInvis +   a - +1 hand crossbow
rCold    . . .     Gourm    .   p - +0 buckler {AC+3}
rNeg     . . .     Faith    .   c - +0 robe
rPois    .         Spirit   .   (helmet restricted)
rElec    .         Reflect  .   (no cloak)
rCorr    .         Harm     .   (gloves unavailable)
MR       .....                  (boots unavailable)
Stlth    ++........             (no amulet)
HPRegen  0.04/turn              o - ring of wizardry
MPRegen  0.08/turn              (no ring)

@: very quick
A: very small, unfitting armour, see invisible, herbivore, speed 3, slow
metabolism 2
a: no special abilities


You were on level 4 of the Dungeon.
You were not hungry.

You visited 1 branch of the dungeon, and saw 6 of its levels.

You collected 27 gold pieces.

Inventory:

Hand Weapons
 a - a +1 hand crossbow (weapon)
 b - a +0 hunting sling
 m - a +0 short sword
Missiles
 d - 12 bolts (quivered)
 n - 14 stones
Armour
 c - a +0 robe (worn)
 p - a +0 buckler of protection (worn)
Jewellery
 o - a ring of wizardry (left hand)
Scrolls
 e - a scroll of identify {!r, unknown}
 g - a scroll of enchant weapon {!r, unknown}
 j - a scroll of teleportation {!r, unknown}
 q - a scroll of remove curse {!r, unknown}
Potions
 h - a potion of curing {!q, unknown}
 i - a potion of berserk rage {!q, unknown}
 k - a potion of invisibility {!q, unknown}
 l - a potion of lignification {!q, unknown}
 r - 2 potions of brilliance {!q, unknown}
 s - a potion of flight {!q, unknown}
Comestibles
 f - 2 rations


   Skills:
 - Level 1.5 Fighting
 + Level 4.6 Crossbows
 - Level 3.0 Dodging
 - Level 1.5 Stealth


You had one spell level left.
You didn't know any spells.
Your spell library was empty.

Dungeon Overview and Level Annotations

Branches:
Dungeon (6/15)
 Temple: D:4-7

Altars:
Dithmenos


Innate Abilities, Weirdness & Mutations

You are very small and have problems with some larger weapons.
You are too small for most types of armour.
You have supernaturally acute eyesight. (SInv)
You are a herbivore.
You cover ground extremely quickly.
You need to consume almost no food.


Message History

n - 11 stones (gained 1)
n - 12 stones (gained 1)
n - 13 stones (gained 1)
There is a stone staircase leading down here.
n - 14 stones (gained 1)
n - 15 stones (gained 1)
A slave comes into view.
You see here a stone.
Firing (i - inventory)
n - 15 stones (quivered)
Press: ? - help, Shift-Dir - straight line, f - slave
Aim: a slave (hasn't noticed you)
You shoot a stone. The slave shouts!
The stone hits the slave.
The slave is lightly wounded.
You hear a shout!
A slave comes into view.
There is a stone staircase leading down here.
Quiver which item? (- for none, * to show all) (? for menu, Esc to quit)
Okay, then.
a - a +1 hand crossbow (weapon)
Firing (i - inventory. (/) - cycle)
d - 20 bolts (quivered)
Press: ? - help, Shift-Dir - straight line, f/p - slave
Aim: a slave You shoot a bolt.
The bolt closely misses the slave.
Firing (i - inventory. (/) - cycle)
d - 19 bolts (quivered)
Press: ? - help, Shift-Dir - straight line, f/p - slave
Aim: a slave You shoot a bolt.
The bolt hits the slave!
The slave is moderately wounded.
Firing (i - inventory. (/) - cycle)
d - 18 bolts (quivered)
Press: ? - help, Shift-Dir - straight line, f/p - slave
Aim: a slave (moderately wounded)
You shoot a bolt.
The bolt hits the slave but does no damage.
The slave is moderately wounded.
Firing (i - inventory. (/) - cycle)
d - 17 bolts (quivered)
Press: ? - help, Shift-Dir - straight line, f/p - slave
Aim: a slave (moderately wounded)
You shoot a bolt. The bolt hits the slave!
The slave is severely wounded.
Firing (i - inventory. (/) - cycle)
d - 16 bolts (quivered)
Press: ? - help, Shift-Dir - straight line, f/p - slave
Aim: a slave (severely wounded)
You shoot a bolt.
The bolt hits the slave but does no damage.
The slave is severely wounded.
Firing (i - inventory. (/) - cycle)
d - 15 bolts (quivered)
Press: ? - help, Shift-Dir - straight line, f/p - slave
Aim: a slave (severely wounded)
You shoot a bolt. The bolt misses the slave.
You block the slave's attack. The slave hits you.
Firing (i - inventory. (/) - cycle)
d - 14 bolts (quivered)
Press: ? - help, Shift-Dir - straight line, f/p - slave
Aim: a slave (severely wounded)
You shoot a bolt. The bolt hits the slave!
The slave is almost dead.
The slave closely misses you.
Firing (i - inventory. (/) - cycle)
d - 13 bolts (quivered)
Press: ? - help, Shift-Dir - straight line, f/p - slave
Aim: a slave (almost dead)
You shoot a bolt. The bolt barely misses the slave.
The slave hits you!
Ouch! That really hurt!
You die...

######### #.<.....#
#.#####.# ##.### #.####
#....# #.##.#############
#..#.# #.#...##.@p.>.(((#
#..#.###......#.#######(#
#).#............# ...
#........##.##### .###
#.#########.# .( #.# #.#
#. ..# #+# p# ### p.


You could see a slave.

Vanquished Creatures
  A leopard gecko (D:2)
  2 orcs (D:4)
  A bat (D:1)
  A giant cockroach (D:1)
  A hobgoblin (D:2)
  5 frilled lizards
  A goblin (D:3)
  A rat (D:1)
13 creatures vanquished.

Notes
Turn   | Place    | Note
-------+----------+-------------------------------------------
     0 | D:1      | Amnesiac the Spriggan Hunter began the quest for the Orb.
     0 | D:1      | Reached XP level 1. HP: 10/10 MP: 2/2
   382 | D:2      | Reached XP level 2. HP: 10/14 MP: 3/3
   530 | D:5      | Entered Level 5 of the Dungeon
   612 | D:6      | Found a shadowy altar of Dithmenos.
   612 | D:6      | Noticed a phantom
   777 | D:4      | Noticed a slave
   778 | D:4      | Noticed a slave
   793 | D:4      | Slain by a slave

Levels and vault maps discovered:
D:1:      sevenhm_arrival_forest_fort_large_4, layout_basic,
          serial_co_window_serial, co_window_corner_a, co_window_corner_a,
          co_window_paths_a, co_window_paths_a, co_window_paths_a,
          co_window_of_opportunity_b, co_window_broadway_a,
          co_window_broadway_b, co_window_broadway_a, co_window_corner_b,
          co_window_paths_d, co_window_paths_e, glass_columns_b,
          glass_columns_c, glass_columns_a, glass_columns_a
D:2:      layout_loops_cross, old_standard_altar, cheibriados_altar_1,
          roderic_roman_lattice
D:3:      layout_loops_cross, evilmike_ruin_ashenzari, first_ration,
          gammafunk_ghost_nasty_kobolds
D:4:      layout_loops_corners, nicolae_overflow_hidden_temple,
          minmay_temple_entry_purple_smoke, uniq_blork_the_orc, uniq_pikel
D:5:      layout_basic, led_sif_pool
D:6:      layout_basic, fedhas_altar_1, grunt_dithmenos_shadows, uniq_duvessa

Action                   || total
-------------------------++-------
Melee: Short sword       ||    50
 Fire: Hunting sling     ||    40
       Hand crossbow     ||     8
 Stab: Sleeping          ||     1
Armor: Robe              ||     8
Dodge: Dodged            ||    68
Block: Buckler           ||     2

Table legend:
 A = Non-vault XP
 B = Vault XP
 C = Vault XP percentage of total XP
 D = Non-vault monster count
 E = Vault monster count
 F = Vault count percentage of total count
                 A         B        C        D         E       F
            +---------+---------+-------+---------+---------+-------
      Total |      22 |       0 |   0.0 |      13 |       0 |   0.0
            +---------+---------+-------+---------+---------+-------
        D:1 |       7 |       0 |   0.0 |       5 |       0 |   0.0
        D:2 |       6 |       0 |   0.0 |       3 |       0 |   0.0
        D:3 |       2 |       0 |   0.0 |       2 |       0 |   0.0
        D:4 |       6 |       0 |   0.0 |       2 |       0 |   0.0
        D:5 |       1 |       0 |   0.0 |       1 |       0 |   0.0
            +---------+---------+-------+---------+---------+-------
